[Event "Titled Tuesday Blitz December 13 Early 2022"]
[White "Valle Maytin, Luis Enrique"]
[Black "Zemlyanskii, Ivan"]
[WhiteFideId "3503666"]
[BlackFideId "24249971"]
[WhiteElo "2225"]
[BlackElo "2107"]
[Result "0-1"]
[Round "09"]
[TimeControl "180+1"]
[Date "2022.12.14"]
[WhiteClock "0:00:13"]
[BlackClock "0:00:15"]

1. e4 c5 2. Nf3 d6 3. d4 cxd4 4. Nxd4 Nf6 5. Nc3 a6 6. Bg5 Nbd7 7. Bc4 Qb6 8. Bb3 e6 9. f4 Be7 10. Qd2 Nc5 11. Bxf6 Bxf6 12. O-O-O Bd7 13. e5 dxe5 14. fxe5 Bxe5 15. Rhe1 Bxd4 16. Qxd4 Nxb3+ 17. axb3 Qxd4 18. Rxd4 Bc6 19. Rg4 g6 20. Ne2 Ke7 21. Nd4 Rac8 22. c3 h5 23. Rg3 Rhd8 24. Re2 Bd5 25. b4 Bc4 26. Rd2 Rd5 27. Re3 Rd6 28. g3 Bd5 29. Red3 Be4 30. Nf5+ gxf5 31. Rxd6 Bd5 32. Rb6 Rc7 33. b5 axb5 34. Rxb5 Kf6 35. Rd4 Kg5 36. Kc2 f6 37. b3 Bc6 38. Rb6 e5 39. Rd6 h4 40. Rb4 hxg3 41. hxg3 Rh7 42. Rd8 Be4+ 43. Kd2 Kg4 44. Rg8+ Kf3 45. Rb6 Rh2+ 46. Ke1 Ke3 47. Kd1 Rh1# 0-1


[Site "https://www.chess.com"]

[Event "Titled Tuesday Blitz December 13 Early 2022"]
[White "Vega Gutierrez, Sabrina"]
[Black "Sovetbekova, Nurai"]
[WhiteFideId "2219026"]
[BlackFideId "13801910"]
[WhiteElo "2261"]
[BlackElo "1925"]
[Result "0-1"]
[Round "09"]
[TimeControl "180+1"]
[Date "2022.12.14"]
[WhiteClock "0:00:02"]
[BlackClock "0:00:32"]

1. e4 c5 2. Nf3 d6 3. d4 cxd4 4. Qxd4 Nc6 5. Bb5 Bd7 6. Bxc6 Bxc6 7. Nc3 e6 8. Bg5 Nf6 9. O-O-O Be7 10. Qd3 Qb6 11. Nd4 h6 12. Bxf6 Bxf6 13. Nxc6 bxc6 14. Qxd6 Rb8 15. Na4 Bxb2+ 16. Kb1 Qb7 17. Nc5 Qb5 18. c4 Qb6 19. Nd7 Ba3+ 20. Nxb6 Rxb6+ 21. Kc2 Bxd6 22. Rxd6 Ke7 23. Rhd1 Rhb8 24. Rd7+ Kf6 25. R1d2 a6 26. f4 Rb2+ 27. Kc3 Rb1 28. Ra7 Rc1+ 29. Kd3 Rd8+ 30. Ke3 Re1+ 0-1


[Site "https://www.chess.com"]

[Event "Titled Tuesday Blitz December 13 Early 2022"]
[White "Vokhidov, Shamsiddin"]
[Black "Harshavardhan G B"]
[WhiteFideId "14204223"]
[BlackFideId "25059009"]
[WhiteElo "2597"]
[BlackElo "2323"]
[Result "1-0"]
[Round "09"]
[TimeControl "180+1"]
[Date "2022.12.13"]
[WhiteClock "0:01:50"]
[BlackClock "0:00:01"]

1. e4 c5 2. Nf3 d6 3. Nc3 Nf6 4. d4 cxd4 5. Nxd4 a6 6. h3 e5 7. Nb3 Be6 8. f4 exf4 9. Bxf4 Nc6 10. Qe2 Be7 11. O-O-O Qc7 12. g4 Ne5 13. g5 Nfd7 14. Nd5 Bxd5 15. exd5 O-O-O 16. h4 Kb8 17. Kb1 Rhe8 18. Rh3 Qb6 19. Qd2 Rc8 20. Be3 Qc7 21. Bd4 Bf8 22. Na5 Nc5 23. Bxc5 Qxc5 24. Rb3 b6 25. Bxa6 Rc7 26. Rb5 Nf3 27. Qd3 Qe3 28. Nc6+ Rxc6 29. dxc6 Qxd3 30. cxd3 Kc7 31. Rf5 Nxh4 32. Rxf7+ Kxc6 33. Rc1+ Kd5 34. Bc4+ Kc5 35. Be6+ Kd4 36. Rf4+ Kxd3 37. Bc4+ Kd2 38. Rxh4 Be7 39. Re4 1-0


[Site "https://www.chess.com"]

[Event "Titled Tuesday Blitz December 13 Early 2022"]
[White "Volkov, Maksim"]
[Black "Santos Flores, Alberto"]
[WhiteFideId "54123070"]
[BlackFideId "3601234"]
[WhiteElo "2257"]
[BlackElo "2235"]
[Result "1/2-1/2"]
[Round "09"]
[TimeControl "180+1"]
[Date "2022.12.14"]
[WhiteClock "0:00:22"]
[BlackClock "0:00:06"]

1. d4 d5 2. c4 c6 3. Nf3 Nf6 4. g3 Bf5 5. Nc3 e6 6. Nh4 Bg6 7. Nxg6 hxg6 8. Qd3 Nbd7 9. Bg2 Be7 10. O-O O-O 11. Rd1 Rc8 12. Bg5 Ne8 13. Bxe7 Qxe7 14. e4 dxe4 15. Nxe4 Nef6 16. Re1 Nxe4 17. Qxe4 Nf6 18. Qe3 Rfd8 19. Rad1 Qb4 20. b3 a5 21. Qg5 a4 22. Re3 axb3 23. axb3 b5 24. Bf1 Rc7 25. cxb5 Rd5 26. Qf4 Rc8 27. bxc6 Rxc6 28. Bg2 Rc8 29. Bxd5 Nxd5 30. Qe4 Nxe3 31. Qxe3 Rd8 32. h4 Rd5 33. Rd3 Qd6 34. Kh2 Qd7 35. Qd2 e5 36. b4 exd4 37. b5 Qxb5 38. Rxd4 Rxd4 39. Qxd4 Qf5 40. Kg2 Kh7 41. f3 Qe6 42. Qd3 Qf5 43. Qc3 Qe6 44. Qd3 Qa2+ 45. Kh3 Qe6+ 46. g4 Qe1 47. Kg2 Qxh4 48. Qd5 Qf6 49. Kg3 g5 50. Qe4+ g6 51. Kg2 Qf4 52. Qd5 Kg7 53. Kh3 Qc1 54. Kg2 Qc2+ 55. Kh3 Qc1 56. Kg2 Qf4 57. Kh3 Qf6 58. Kg2 Qe7 59. Kh3 Qe2 60. Kg3 Qe1+ 61. Kg2 Qe2+ 62. Kg3 Qe1+ 63. Kg2 Qe2+ 64. Kg3 1/2-1/2


[Site "https://www.chess.com"]

[Event "Titled Tuesday Blitz December 13 Early 2022"]
[White "Weetik, Vjacheslav"]
[Black "Ozen, Bahadir"]
[WhiteFideId "4153472"]
[BlackFideId "6337058"]
[WhiteElo "2469"]
[BlackElo "2503"]
[Result "1/2-1/2"]
[Round "09"]
[TimeControl "180+1"]
[Date "2022.12.13"]
[WhiteClock "0:00:05"]
[BlackClock "0:00:06"]

1. d4 d6 2. e4 Nf6 3. Nc3 e5 4. Nge2 c6 5. g3 b5 6. a3 Nbd7 7. Bg2 Bb7 8. h3 h5 9. O-O a5 10. d5 cxd5 11. Nxd5 Bxd5 12. exd5 Be7 13. Nc3 b4 14. Nb5 O-O 15. Be3 Qb8 16. a4 Bd8 17. Kh1 Bb6 18. Bg5 Re8 19. Rc1 Bc5 20. c3 bxc3 21. Rxc3 e4 22. Rb3 Bb4 23. Qe2 Nc5 24. Re3 Nxd5 25. Qxh5 Nxe3 26. fxe3 g6 27. Qh4 f5 28. Bf6 Kf7 29. Bd4 Ke6 30. Qf6+ Kd7 31. Qxg6 Re6 32. Qxf5 Qg8 33. g4 Rb8 34. Rd1 Rc8 35. Bxc5 Bxc5 36. Qd5 Rg6 37. Qb7+ Kd8 38. Bxe4 Rh6 39. Bg2 Qh7 40. Kh2 Qxb7 41. Bxb7 Rb8 42. Bf3 Kd7 43. g5 Rh4 44. Kg3 Rhh8 45. b3 Rbg8 46. h4 Re8 47. Bg4+ Kc6 48. Rd3 Rxe3+ 49. Rxe3 Bxe3 50. g6 d5 51. h5 d4 52. Be2 Kc5 53. Kg4 Bh6 54. Bc4 Rd8 55. Nc7 Rd7 56. Ne6+ Kb4 57. Bd3 Kc3 58. Nc5 Rc7 59. Ne6 Rc6 60. Bf5 d3 61. Bxd3 Kxd3 62. Nf4+ Ke4 63. Nh3 Rc1 64. Ng5+ Kd5 65. Nf7 Rg1+ 66. Kf5 Rf1+ 67. Kg4 Bd2 68. h6 Bxh6 69. Nxh6 Kc5 70. Kg5 Rg1+ 71. Ng4 Rd1 72. g7 Rd8 73. Nf6 Kb4 74. g8=Q Rxg8+ 75. Nxg8 Kxb3 76. Ne7 Kxa4 77. Nc6 Kb5 78. Nxa5 1/2-1/2


[Site "https://www.chess.com"]

[Event "Titled Tuesday Blitz December 13 Early 2022"]
[White "Xiong, Jeffery"]
[Black "Jobava, Baadur"]
[WhiteFideId "2047640"]
[BlackFideId "13601520"]
[WhiteElo "2726"]
[BlackElo "2582"]
[Result "0-1"]
[Round "09"]
[TimeControl "180+1"]
[Date "2022.12.13"]
[WhiteClock "0:00:16"]
[BlackClock "0:00:11"]

1. d4 d5 2. c4 dxc4 3. Nf3 Nf6 4. e3 Bg4 5. Bxc4 e6 6. O-O Bd6 7. b3 Nbd7 8. Bb2 O-O 9. Be2 Qe7 10. Nbd2 Ba3 11. Bxa3 Qxa3 12. h3 Bxf3 13. Bxf3 c6 14. Nc4 Qe7 15. e4 e5 16. d5 Rfd8 17. Re1 Nb6 18. Qe2 Nxc4 19. bxc4 Nd7 20. a4 Nc5 21. Qe3 a5 22. Reb1 h6 23. Rb6 Ra6 24. Rbb1 Raa8 25. Rb6 Ra6 26. Rxa6 Nxa6 27. Qb6 Nc5 28. d6 Rxd6 29. Rb1 Rd4 30. Qxa5 Rxc4 31. Qa8+ Qf8 32. Qa5 Rxa4 33. Qc7 Qe8 34. Rc1 Nd3 35. Rd1 Rd4 36. Qxb7 Nc5 37. Qc7 Rxd1+ 38. Bxd1 Qd7 39. Qxd7 Nxd7 40. Ba4 Nb8 41. Kf1 Kf8 42. Ke2 Ke7 43. Kd3 Kd6 44. Bb3 f6 45. Ke3 Nd7 46. Kf3 Nc5 47. Bc4 Ne6 48. h4 h5 49. g4 hxg4+ 50. Kxg4 Nf4 51. Kf5 Kc5 52. Bf7 Kd4 53. h5 c5 54. f3 c4 55. h6 gxh6 56. Kxf6 c3 57. Bb3 h5 58. Kg5 Ke3 59. Kf5 h4 60. Kg4 h3 61. Kg3 Kd2 0-1


[Site "https://www.chess.com"]

[Event "Titled Tuesday Blitz December 13 Early 2022"]
[White "Yedidia, Daniel"]
[Black "Balint, Vilmos"]
[WhiteFideId "30905907"]
[BlackFideId "718050"]
[WhiteElo "2553"]
[BlackElo "2183"]
[Result "1/2-1/2"]
[Round "09"]
[TimeControl "180+1"]
[Date "2022.12.14"]
[WhiteClock "0:00:05"]
[BlackClock "0:01:17"]

1. d4 Nf6 2. c4 e6 3. Nc3 Bb4 4. e3 O-O 5. Bd3 b6 6. Ne2 Bb7 7. O-O c5 8. dxc5 Bxc5 9. Rb1 d5 10. b4 Be7 11. cxd5 Nxd5 12. Nxd5 Bxd5 13. Nf4 Bb7 14. Bb2 Bf6 15. Qc2 h6 16. Rfd1 Qe7 17. Bxf6 Qxf6 18. Qc7 Bd5 19. Nxd5 exd5 20. Qb7 Qc6 21. Ba6 Qa4 22. Qxa8 Nxa6 23. Qxd5 Nxb4 24. Qd4 a5 25. Qxb6 Qxa2 26. Ra1 Qc2 27. Qxa5 Nd3 28. Qd2 Qxd2 29. Rxd2 Ne5 30. h3 g6 31. Ra5 Nc4 32. Rad5 Nxd2 33. Rxd2 Kg7 34. Rd7 Ra8 35. g4 Ra6 36. Kg2 Ra5 37. Kf3 Kf6 38. Rb7 Rc5 39. Kf4 Rc4+ 40. Kg3 Rc3 41. Rb6+ Kg7 42. Kf4 Rc1 43. h4 Rh1 44. Kg3 Rg1+ 45. Kh3 Rf1 46. Kg2 Re1 47. Rb4 Rd1 48. Kg3 Rc1 49. Kf4 Rh1 50. Kg3 Rg1+ 51. Kh3 Rf1 52. Kg2 Rc1 53. f3 Re1 54. Re4 Re2+ 55. Kg3 Re1 56. Re8 Re2 57. h5 g5 58. f4 gxf4+ 59. Kxf4 Re1 60. e4 Rf1+ 61. Kg3 Rg1+ 62. Kf3 Rf1+ 63. Kg2 Rf4 64. Kg3 Rf1 65. Re5 Re1 66. Kf2 Rh1 67. Kf3 Rf1+ 68. Kg3 Re1 69. Re7 Kf6 70. Re8 Kg7 71. e5 Re4 72. Kf3 Re1 73. Re7 Kf8 74. Ra7 Rxe5 75. Kf4 Re1 76. Ra6 Kg7 77. Kf5 Rf1+ 78. Ke5 Rg1 79. Kf5 Rf1+ 80. Ke5 Rf2 81. Ra4 Rf3 82. Rd4 Rf6 83. Rf4 Re6+ 84. Kd5 Re1 85. Kd6 Re3 86. Kd5 Kf8 87. Kd4 Re1 88. Kd5 Kg7 89. Rf5 Re3 90. Re5 Rg3 91. Re4 Kf6 92. Kd6 Kg5 93. Re7 f6 94. Rg7+ Kf4 95. Rg6 Rxg4 96. Rxh6 Kg5 97. Rg6+ Kxh5 98. Rxf6 Rg6 99. Rxg6 Kxg6 1/2-1/2


[Site "https://www.chess.com"]

[Event "Titled Tuesday Blitz December 13 Early 2022"]
[White "Yilmaz, Mustafa"]
[Black "Deac, Bogdan-Daniel"]
[WhiteFideId "6302718"]
[BlackFideId "1226380"]
[WhiteElo "2564"]
[BlackElo "2649"]
[Result "0-1"]
[Round "09"]
[TimeControl "180+1"]
[Date "2022.12.13"]
[WhiteClock "0:00:04"]
[BlackClock "0:00:06"]

1. d4 Nf6 2. c4 e6 3. Nf3 d5 4. Nc3 dxc4 5. e4 Bb4 6. Bxc4 Nxe4 7. O-O Nf6 8. Qa4+ Nc6 9. Ne5 Bd6 10. Nxc6 bxc6 11. Qxc6+ Bd7 12. Qf3 h6 13. Bf4 Bxf4 14. Qxf4 Bc6 15. Rfe1 O-O 16. b3 Qb8 17. Rac1 Rd8 18. Re5 Qb6 19. Rc5 a6 20. Ne2 Rd6 21. Bd3 Rad8 22. Qd2 Nd7 23. R5c3 e5 24. Qc2 Bb5 25. Rxc7 exd4 26. Rc8 Ne5 27. Bxb5 axb5 28. Qe4 Ng6 29. Qd3 Ne5 30. Qe4 Ng6 31. Qd3 Qa7 32. R1c2 Qd7 33. Rxd8+ Qxd8 34. Rd2 b4 35. Nxd4 Nf4 36. Qe4 Rxd4 37. Rxd4 Qxd4 38. Qe8+ Kh7 39. g3 Qd1+ 0-1


[Site "https://www.chess.com"]

[Event "Titled Tuesday Blitz December 13 Early 2022"]
[White "Yuan, Qingyu"]
[Black "Haddouche, Mohamed"]
[WhiteFideId "8609772"]
[BlackFideId "7900660"]
[WhiteElo "2767"]
[BlackElo "2622"]
[Result "1/2-1/2"]
[Round "09"]
[TimeControl "180+1"]
[Date "2022.12.14"]
[WhiteClock "0:00:15"]
[BlackClock "0:00:09"]

1. e4 e5 2. Nf3 Nc6 3. Bb5 g6 4. d4 exd4 5. Bg5 Be7 6. Bxe7 Qxe7 7. O-O Qc5 8. Bxc6 dxc6 9. Qxd4 Qxd4 10. Nxd4 Bd7 11. Nc3 O-O-O 12. Rad1 Ne7 13. b4 Rhe8 14. f3 b6 15. Rfe1 Kb7 16. Kf2 f6 17. Rd3 Nc8 18. f4 Nd6 19. e5 fxe5 20. fxe5 Nc4 21. e6 Bc8 22. Ne4 Nb2 23. Rd2 Nc4 24. Rd3 Nb2 25. Rd2 Nc4 26. Rdd1 Nb2 27. Rd2 1/2-1/2


[Site "https://www.chess.com"]

[Event "Titled Tuesday Blitz December 13 Early 2022"]
[White "Zaichenko, Daria"]
[Black "Osinovsky, Stepan"]
[WhiteFideId "4197453"]
[BlackFideId "4157354"]
[WhiteElo "2039"]
[BlackElo "2222"]
[Result "0-1"]
[Round "09"]
[TimeControl "180+1"]
[Date "2022.12.14"]
[WhiteClock "0:01:26"]
[BlackClock "0:00:16"]

1. e4 e5 2. Nf3 Nc6 3. Bc4 Nf6 4. d3 Be7 5. c3 O-O 6. O-O Kh8 7. Bb3 Ng8 8. d4 d6 9. dxe5 Nxe5 10. Nxe5 dxe5 11. Qh5 f5 12. Bxg8 Kxg8 13. Nd2 Be6 14. Nb3 Qd3 15. exf5 Rxf5 16. Qd1 Qe4 17. Be3 Bd5 18. f3 Qxe3+ 19. Rf2 Rd8 20. Qc2 e4 21. Rd1 Bh4 22. g3 Rxf3 23. gxh4 Rdf8 24. Rf1 Rxf2 25. Rxf2 Qe1+ 26. Kg2 e3+ 27. Kg3 Qg1+ 28. Rg2 Bxg2 29. Nd4 Be4+ 30. Kh3 Bxc2 0-1


[Site "https://www.chess.com"]

[Event "Titled Tuesday Blitz December 13 Early 2022"]
[White "Zaksaite, Salomeja"]
[Black "Avazkhonov, Alikhon"]
[WhiteFideId "12801496"]
[BlackFideId "14208504"]
[WhiteElo "2079"]
[BlackElo "1739"]
[Result "0-1"]
[Round "09"]
[TimeControl "180+1"]
[Date "2022.12.14"]
[WhiteClock "0:00:35"]
[BlackClock "0:00:07"]

1. e4 c5 2. Nf3 d6 3. d4 cxd4 4. Nxd4 Nf6 5. Nc3 a6 6. h3 e5 7. Nde2 h5 8. g3 Be7 9. Bg2 b5 10. a4 b4 11. Nd5 Nxd5 12. Qxd5 Ra7 13. Be3 Rb7 14. a5 Nd7 15. O-O Nf6 16. Qc6+ Rd7 17. Bb6 Bb7 18. Qa4 Qa8 19. f4 Bxe4 20. Bxe4 Qxe4 21. fxe5 dxe5 22. Rae1 Qc4 23. Nc3 Bc5+ 24. Kg2 Bxb6 25. Rxe5+ Kd8 26. axb6 Rd2+ 27. Kf3 Qxf1+ 28. Ke3 Qe1+ 29. Kf4 Rf2+ 0-1


[Site "https://www.chess.com"]

[Event "Titled Tuesday Blitz December 13 Early 2022"]
[White "Zhalmakhanov, Ramazan"]
[Black "Salinas Herrera, Pablo"]
[WhiteFideId "13706357"]
[BlackFideId "3407128"]
[WhiteElo "2432"]
[BlackElo "2557"]
[Result "0-1"]
[Round "09"]
[TimeControl "180+1"]
[Date "2022.12.13"]
[WhiteClock "0:01:40"]
[BlackClock "0:01:26"]

1. d4 d5 2. Bf4 Nf6 3. e3 e6 4. Nf3 Bd6 5. Bg3 O-O 6. c4 c5 7. Nc3 cxd4 8. Nxd4 Nc6 9. cxd5 exd5 10. Be2 Re8 11. O-O Bxg3 12. hxg3 Be6 13. Rc1 Rc8 14. Nxc6 bxc6 15. Na4 d4 16. exd4 Bxa2 17. Nc5 Bd5 18. Bf3 Rb8 19. Qd2 Rb5 20. Rfe1 Rxe1+ 21. Qxe1 Rxb2 22. Ra1 Bxf3 23. gxf3 Qxd4 24. Rxa7 h5 25. Ne4 Qxa7 0-1


[Site "https://www.chess.com"]

[Event "Titled Tuesday Blitz December 13 Early 2022"]
[White "Zhigalko, Sergei"]
[Black "Koellner, Ruben Gideon"]
[WhiteFideId "13502956"]
[BlackFideId "12993093"]
[WhiteElo "2662"]
[BlackElo "2303"]
[Result "1-0"]
[Round "09"]
[TimeControl "180+1"]
[Date "2022.12.13"]
[WhiteClock "0:00:08"]
[BlackClock "0:00:02"]

1. e4 d6 2. d4 Nf6 3. Nc3 e5 4. Nf3 Nbd7 5. Bc4 Be7 6. O-O c6 7. a4 h6 8. Re1 Qc7 9. Be3 Nf8 10. Nh4 g6 11. h3 Ne6 12. dxe5 dxe5 13. Qd2 Nh5 14. Nf3 Nhf4 15. Rad1 Kf8 16. Kh2 Kg7 17. g3 Nxh3 18. Bxe6 Bxe6 19. Nxe5 Rad8 20. Nd3 Ng5 21. Qe2 Qc8 22. f3 h5 23. Nf4 h4 24. g4 Bf6 25. Kh1 Be5 26. Nd3 Bf6 27. Bxa7 Qc7 28. e5 Be7 29. Qe3 Qc8 30. Bc5 Bxc5 31. Nxc5 Rxd1 32. Rxd1 Nxf3 33. Qxf3 Bxg4 34. Qf6+ Kh6 35. Rf1 Bf5 36. Kg1 Re8 37. Qxh4+ Kg7 38. Qf6+ Kg8 39. Rf2 Bxc2 40. Rxc2 Qg4+ 41. Rg2 Qd4+ 42. Rf2 1-0


[Site "https://www.chess.com"]

[Event "Titled Tuesday Blitz December 13 Early 2022"]
[White "Alexakis, Dimitris"]
[Black "Vokhidov, Shamsiddin"]
[WhiteFideId "4277023"]
[BlackFideId "14204223"]
[WhiteElo "2470"]
[BlackElo "2597"]
[Result "1-0"]
[Round "10"]
[TimeControl "180+1"]
[Date "2022.12.13"]
[WhiteClock "0:00:07"]
[BlackClock "0:00:17"]

1. e4 c5 2. Nf3 d6 3. d4 cxd4 4. Nxd4 Nf6 5. Nc3 Nc6 6. Bg5 e6 7. Qd3 Bd7 8. O-O-O a6 9. f4 Be7 10. Be2 Rc8 11. Kb1 b5 12. Nxc6 Bxc6 13. Bf3 b4 14. Ne2 Qc7 15. Bxf6 gxf6 16. Nd4 Bb7 17. h4 Qc4 18. g4 Qxd3 19. cxd3 Kd7 20. f5 h6 21. fxe6+ fxe6 22. g5 hxg5 23. Bg4 f5 24. exf5 Bxh1 25. Rxh1 Rxh4 26. Rg1 Bf6 27. fxe6+ Kd8 28. Nf5 Rh2 29. e7+ Kd7 30. Ne3+ Kxe7 31. Nd5+ Kf7 32. Bxc8 Rxb2+ 33. Kc1 Rxa2 34. Re1 Ra1+ 35. Kd2 Bc3+ 36. Nxc3 bxc3+ 37. Ke2 Rxe1+ 38. Kxe1 a5 39. Kd1 Kf6 40. d4 Kg6 41. Bg4 Kf6 42. Kc2 Ke7 43. Kxc3 Kd8 44. Kc4 Kc7 45. Kb5 Kb7 46. Kxa5 Kc6 47. Bf3+ d5 48. Bg4 Kd6 49. Kb5 1-0


[Site "https://www.chess.com"]

[Event "Titled Tuesday Blitz December 13 Early 2022"]
[White "Alice, Mateus Felizardo Viageiro"]
[Black "Aizpurua, Patrick Emilio"]
[WhiteFideId "14800047"]
[BlackFideId "6600522"]
[WhiteElo "2189"]
[BlackElo "2378"]
[Result "0-1"]
[Round "10"]
[TimeControl "180+1"]
[Date "2022.12.14"]
[WhiteClock "0:00:17"]
[BlackClock "0:00:13"]

1. e4 e5 2. Nf3 Nc6 3. Bc4 Bc5 4. d3 d6 5. h3 Nf6 6. Nc3 a6 7. O-O Be6 8. Bb3 h6 9. Be3 Ba7 10. Bxe6 fxe6 11. d4 exd4 12. Nxd4 Nxd4 13. Bxd4 O-O 14. e5 Bxd4 15. Qxd4 Nh7 16. exd6 cxd6 17. Rad1 d5 18. Rfe1 Re8 19. Re5 Rc8 20. Rde1 Qd7 21. a4 Ng5 22. Qg4 Rc4 23. Rxd5 Rxg4 24. Rxd7 Nf3+ 25. Kf1 Rxg2 26. Kxg2 Nxe1+ 27. Kf1 Nxc2 28. Rxb7 Rf8 29. Ke2 Nd4+ 30. Ke1 e5 31. Rb6 a5 32. Rb7 Rf3 33. h4 Rf4 34. Re7 Rxh4 35. Kd2 Nb3+ 36. Ke2 Nd4+ 37. Kd2 Rh5 38. Nd5 Kf8 39. Ra7 e4 40. Ke3 Rxd5 41. Kxe4 Rd6 42. Ra8+ Ke7 43. Ra7+ Kf6 44. Rxa5 Ne6 45. Rb5 Rd4+ 46. Ke3 Rxa4 47. b3 Ra3 48. f3 Ra1 49. Rb6 Kf5 50. b4 Rb1 51. Rb5+ Kf6 52. f4 Rb3+ 53. Ke4 Rb1 54. f5 Re1+ 55. Kd3 Nf4+ 56. Kd2 Re5 57. Rb6+ Kxf5 58. Rc6 Nd5 59. Rc5 Nxb4 60. Rc4 Nd5 0-1


[Site "https://www.chess.com"]

[Event "Titled Tuesday Blitz December 13 Early 2022"]
[White "Ambartsumova, Karina"]
[Black "Sanchez, Robert"]
[WhiteFideId "4166299"]
[BlackFideId "2034360"]
[WhiteElo "2319"]
[BlackElo "2350"]
[Result "1-0"]
[Round "10"]
[TimeControl "180+1"]
[Date "2022.12.14"]
[WhiteClock "0:00:03"]
[BlackClock "0:00:04"]

1. e4 d5 2. exd5 Qxd5 3. Nc3 Qe6+ 4. Be2 Qg6 5. Bf3 Nc6 6. Nge2 e5 7. O-O Bd7 8. d4 O-O-O 9. Be3 Kb8 10. dxe5 Nxe5 11. Nf4 Nxf3+ 12. Qxf3 Qc6 13. Qxc6 Bxc6 14. Rad1 Bd6 15. Nh5 Ne7 16. Nxg7 Rhg8 17. Bd4 Nf5 18. Bf6 Nxg7 19. Bxd8 Ne6 20. f3 Rxd8 21. Kh1 Rg8 22. Ne2 Bb5 23. Rfe1 a6 24. Nd4 Nxd4 25. Rxd4 Bc6 26. Rh4 Rg5 27. Rxh7 Rd5 28. Rxf7 Rh5 29. h3 Rd5 30. Rc1 Rd2 31. h4 Rd4 32. Rh7 Ka7 33. c3 Rd2 34. h5 Rxb2 35. h6 Bf4 36. Re1 Rxa2 37. Rh8 Bxh6 38. Rxh6 Rc2 39. Re3 a5 40. Rh5 b6 41. Rh7 Kb7 42. Ree7 Rxc3 43. Rxc7+ Ka6 44. Rh6 Kb5 45. Rh5+ Kb4 46. Rh4+ Kb5 47. Rh5+ Kb4 48. Rh6 Kb5 49. Kh2 a4 50. Ra7 a3 51. Rh4 Bd5 52. Rha4 Rc2 53. Rxa3 Kb4 54. Ra1 b5 55. Rf1 Kc5 56. Rc7+ Bc6 57. Kg3 Kb6 58. Rc8 b4 59. Rf2 Rc5 60. Rb2 Kb5 61. Kf4 Kc4 62. g4 Kc3 63. Rh2 Rc4+ 64. Ke5 Rc5+ 65. Kd6 Rc4 66. Rxc6 Rxc6+ 67. Kxc6 b3 68. g5 1-0


[Site "https://www.chess.com"]

[Event "Titled Tuesday Blitz December 13 Early 2022"]
[White "Ashraf, Artin"]
[Black "Sprenar, Petr"]
[WhiteFideId "22514805"]
[BlackFideId "397164"]
[WhiteElo "2678"]
[BlackElo "2580"]
[Result "0-1"]
[Round "10"]
[TimeControl "180+1"]
[Date "2022.12.14"]
[WhiteClock "0:01:40"]
[BlackClock "0:01:40"]

1. Nf3 d5 2. b3 Nf6 3. e3 e6 4. c4 Be7 5. Bb2 O-O 6. Nc3 b6 7. g4 Bb7 8. g5 Ne4 9. h4 c5 10. Nxe4 dxe4 11. Nh2 f5 12. Qc2 Nc6 13. Qc3 Rf7 14. Rg1 Bd6 15. f4 e5 16. g6 Qxh4+ 17. Kd1 hxg6 18. Rxg6 Qh5+ 0-1


[Site "https://www.chess.com"]

[Event "Titled Tuesday Blitz December 13 Early 2022"]
[White "Averjanov, Alexey"]
[Black "Jumanov, Elbek"]
[WhiteFideId "14109867"]
[BlackFideId "14202905"]
[WhiteElo "2643"]
[BlackElo "2055"]
[Result "0-1"]
[Round "10"]
[TimeControl "180+1"]
[Date "2022.12.14"]
[WhiteClock "0:00:18"]
[BlackClock "0:00:15"]

1. d4 Nf6 2. c4 c5 3. Nf3 g6 4. g3 Bg7 5. Bg2 cxd4 6. Nxd4 Nc6 7. O-O O-O 8. Nc3 d6 9. Nc2 Be6 10. b3 Qd7 11. Bb2 Bh3 12. Ne3 Bxg2 13. Kxg2 Rac8 14. Rc1 Qe6 15. Ned5 Rfe8 16. Qd2 Ne4 17. Nxe4 Qxe4+ 18. f3 Qe6 19. Bxg7 Kxg7 20. e4 f5 21. Rfe1 fxe4 22. Rxe4 Qf7 23. Rce1 e5 24. Ne3 Nd4 25. Rf1 b5 26. cxb5 Rc5 27. Ng4 Rc2 28. Rxd4 Rxd2+ 29. Rxd2 d5 30. Re1 e4 31. f4 d4 32. Ne5 Qd5 33. Kg1 Rc8 34. Nc6 d3 35. a4 Re8 36. Re3 Qc5 37. Kf2 Qc1 38. Rdxd3 exd3 39. Rxe8 d2 40. Re7+ Kf8 41. Rd7 d1=Q 42. Rxd1 Qxd1 43. Kg2 Qxb3 44. Nxa7 Qxa4 45. b6 Ke8 46. Kh3 Qd7+ 47. Kh4 Qb7 48. Nb5 Qxb6 0-1


[Site "https://www.chess.com"]

[Event "Titled Tuesday Blitz December 13 Early 2022"]
[White "Balint, Vilmos"]
[Black "Royal, Shreyas"]
[WhiteFideId "718050"]
[BlackFideId "448869"]
[WhiteElo "2183"]
[BlackElo "2331"]
[Result "0-1"]
[Round "10"]
[TimeControl "180+1"]
[Date "2022.12.14"]
[WhiteClock "0:01:01"]
[BlackClock "0:01:21"]

1. e4 c5 2. Nf3 d6 3. d4 cxd4 4. Bb5+ Bd7 5. Bxd7+ Nxd7 6. Nxd4 Ngf6 7. f3 a6 8. O-O b5 9. a4 Qb6 10. Be3 Qb7 11. axb5 axb5 12. Rxa8+ Qxa8 13. Nxb5 Qb7 14. N1c3 g6 15. Nd5 Bg7 16. Nbc7+ Kf8 17. b3 h5 18. Bd4 h4 19. Qa1 h3 20. g3 Kg8 21. Nxe7+ Kh7 22. Ncd5 Ra8 23. Qb2 Ne5 24. Bxe5 dxe5 25. Nxf6+ Bxf6 26. Nd5 Qa7+ 27. Kh1 Bg7 28. c4 f5 29. b4 Qa4 30. c5 Qb5 31. Rc1 Qd3 32. Qc3 Qe2 33. Rg1 Ra2 0-1


[Site "https://www.chess.com"]

[Event "Titled Tuesday Blitz December 13 Early 2022"]
[White "Barria Zuniga, Daniel"]
[Black "Mazurkiewicz, Michal"]
[WhiteFideId "3400816"]
[BlackFideId "1124943"]
[WhiteElo "2414"]
[BlackElo "2081"]
[Result "1-0"]
[Round "10"]
[TimeControl "180+1"]
[Date "2022.12.14"]
[WhiteClock "0:00:18"]
[BlackClock "0:00:11"]

1. d4 Nf6 2. c4 e5 3. dxe5 Ng4 4. e3 Nxe5 5. Nc3 Bb4 6. Ne2 O-O 7. a3 Bxc3+ 8. Nxc3 d6 9. Be2 Be6 10. b3 Qh4 11. O-O Nbc6 12. Bb2 a5 13. Rc1 Ng4 14. h3 Nge5 15. Nd5 Bxd5 16. cxd5 Ne7 17. Rxc7 Rfc8 18. Qc2 h6 19. Rc1 Nd7 20. Qc3 Qg5 21. Bg4 f5 22. Be2 Nc5 23. Rxc8+ Rxc8 24. Qxa5 Nxd5 25. Bc4 Kh7 26. Bxd5 Nxb3 27. Bxb3 1-0


[Site "https://www.chess.com"]

[Event "Titled Tuesday Blitz December 13 Early 2022"]
[White "Bazarov, Konstantin"]
[Black "Molina Carretero, Daniel"]
[WhiteFideId "4137000"]
[BlackFideId "32071914"]
[WhiteElo "2228"]
[BlackElo "2109"]
[Result "0-1"]
[Round "10"]
[TimeControl "180+1"]
[Date "2022.12.14"]
[WhiteClock "0:00:40"]
[BlackClock "0:00:09"]

1. f4 d5 2. Nf3 c5 3. e3 Nc6 4. Bb5 Qc7 5. b3 Nf6 6. Bb2 e6 7. Ne5 Bd7 8. Qe2 Bd6 9. Bxc6 Bxc6 10. O-O Nd7 11. Nxc6 Qxc6 12. Bxg7 Rg8 13. Bb2 O-O-O 14. d3 f5 15. Nd2 Rg4 16. Rf2 Rdg8 17. Raf1 Be7 18. Nf3 h5 19. Kh1 h4 20. h3 Rg3 21. Kh2 Nf6 22. Rg1 Qe8 23. Bc3 Ng4+ 24. hxg4 fxg4 25. Ng5 Rxg5 26. fxg5 Bd6 27. Kh1 Qh5 28. Rgf1 h3 29. Kg1 Qh4 30. e4 hxg2 31. Rxg2 Rh3 32. Qxg4 Rh1# 0-1


[Site "https://www.chess.com"]

[Event "Titled Tuesday Blitz December 13 Early 2022"]
[White "Begunov, Konstantin"]
[Black "Omelja, Artem"]
[WhiteFideId "4118510"]
[BlackFideId "14119846"]
[WhiteElo "2141"]
[BlackElo "2404"]
[Result "1/2-1/2"]
[Round "10"]
[TimeControl "180+1"]
[Date "2022.12.14"]
[WhiteClock "0:00:19"]
[BlackClock "0:01:13"]

1. d4 Nf6 2. c4 Ng8 3. Nc3 d6 4. e4 g6 5. Bg5 Bg7 6. Qd2 h6 7. Be3 Nd7 8. O-O-O c6 9. Kb1 Ngf6 10. f3 h5 11. Nh3 Qa5 12. Ng5 a6 13. Be2 b5 14. Rc1 Rb8 15. c5 b4 16. Nd1 dxc5 17. dxc5 O-O 18. Bc4 Ne5 19. Bb3 Rd8 20. Qe2 Nh7 21. Nxh7 Kxh7 22. f4 Nd3 23. Rc2 Be6 24. Bxe6 fxe6 25. Rd2 b3 26. Rxd3 Qxa2+ 27. Kc1 Qa1+ 28. Kd2 Bxb2 29. Nxb2 Qxb2+ 30. Ke1 Qb1+ 31. Rd1 Qxd1+ 32. Qxd1 Rxd1+ 33. Kxd1 b2 34. Kc2 Rb4 35. Rb1 Rxe4 36. Kd3 Rb4 37. Kc3 Re4 38. Kd3 Rb4 39. Kc3 Re4 40. Kd3 1/2-1/2


[Site "https://www.chess.com"]